 Seeded DCSS version 0.27-a0-920-gb2bd10914a (webtiles) character file.

Game seed: 12777206970506353284 (custom seed)

107 Zeld the Skirmisher (level 4, 37/41 HPs)
             Began as a Hill Orc Fighter on Apr 9, 2021.
             Quit the game on level 3 of the Dungeon.
             The game lasted 00:04:09 (4199 turns).

Zeld the Skirmisher (Hill Orc Fighter)              Turns: 4199, Time: 00:04:10

Health: 37/41      AC:  8    Str: 19    XL:     4   Next: 86%
Magic:  5/5        EV:  7    Int:  8    God:
Gold:   937        SH:  9    Dex: 10    Spells: 3/3 levels left

rFire    . . .     SeeInvis .   a - +0 war axe
rCold    . . .     Faith    .   c - +0 kite shield
rNeg     . . .     Spirit   .   b - +0 scale mail
rPois    .         Reflect  .   (no helmet)
rElec    .         Harm     .   e - +0 cloak {Stlth+}
rCorr    .         Rampage  .   (no gloves)
Will     .....                  (no boots)
Stlth    +.........             (no amulet)
HPRegen  0.13/turn              (no ring)
MPRegen  0.09/turn              (no ring)

@: very slow
A: no striking features
a: no special abilities


You were on level 3 of the Dungeon.
You visited 1 branch of the dungeon, and saw 3 of its levels.

You collected 979 gold pieces.
You spent 42 gold pieces at shops.

Inventory:

Hand Weapons
 a - a +0 war axe (weapon)
Armour
 b - a +0 scale mail (worn)
 c - a +0 kite shield (worn)
 e - a +0 cloak of stealth (worn)
Scrolls
 g - a scroll of teleportation
 i - a scroll of identify {unknown}
 j - a scroll of magic mapping
Potions
 d - a potion of might
 h - a potion of heal wounds {unknown}
 k - a potion of lignification {unknown}
 m - a potion of curing


   Skills:
 * Level 4.3 Fighting
 * Level 3.7 Axes
 - Level 3.2 Armour
 * Level 1.3 Dodging
 - Level 3.2 Shields
 * Level 2.2 Invocations
 * Level 1.6 Evocations


You had 3 spell levels left.
You didn't know any spells.
Your spell library contained the following spells:

 Spells                   Type           Power      Damage    Failure   Level
 Animate Skeleton         Necr           0%         N/A       99%         1
 Apportation              Tloc           0%         N/A       99%         1
 Corona                   Hex            0%         N/A       99%         1
 Summon Small Mammal      Summ           0%         N/A       99%         1


Dungeon Overview and Level Annotations

Branches:
Dungeon (3/15)

Altars:

Shops:
D:1 (=!


Message History

This is a scroll of acquirement!
Something appears at your feet!
Unknown command.
You now have 937 gold pieces (gained 880).
An orc comes into view. It is wielding a +0 hand axe.
The orc shouts!
Found 16 stones.
An orc is nearby!
Search for what [Enter for "shop", or ? for help]? jewel Search for what [Enter for "jewel", or ? for help]? armor The orc throws a boomerang.
The boomerang hits you but does no damage.
You enter the shallow water.
Moving in this stuff is going to be slow.
A worm comes into view.
Why would you want to do that?
A giant cockroach comes into view.
The orc throws a boomerang.
You block the boomerang.
The orc splashes around in the water. x2
Why would you want to do that?
Your unstable footing causes you to fumble your attack.
The orc barely misses you. The orc hits you with a +0 hand axe.
Why would you want to do that?
You barely miss the orc. You hit the worm. The orc hits you with a +0 hand axe.
Unknown command.
You hit the worm but do no damage.
The worm is moderately wounded.
You slash the orc!
You kill the orc!
You hear a splash. x2
You block the giant cockroach's attack. The worm bites you but does no damage.
Are you sure you want to abandon this character and quit the game? (Confirm with "yes".)
Okay, then.
Unknown command.
Unknown command.
Unknown command.
Are you sure you want to abandon this character and quit the game? (Confirm with "yes".)
Okay, then.
Unknown command.
Are you sure you want to abandon this character and quit the game? (Confirm with "yes".)

...... .....
♣♣...♣♣
♣♣.....♣♣
♣♣....(..♣♣
♣...≈≈≈...♣
#..≈≈w≈≈..#
#..B@♣≈≈..#
.##..≈≈≈≈≈..#
.......≈≈≈...#
#..##.......##
#..........##
#..#.###.#.#
.... ##.#)#
...###....#
........###


You could see a worm and a giant cockroach.

Vanquished Creatures
  Crazy Yiuf (D:2)
  2 adders (D:2)
  A gnoll (D:1)
  A worm (D:2)
  2 dart slugs
  An orc (D:3)
  4 bats (D:2)
  3 endoplasms
  4 goblins (D:2)
  2 hobgoblins (D:1)
  10 jackals
  A quokka (D:1)
  A ball python (D:2)
  3 frilled lizards
  4 kobolds
  2 rats (D:2)
42 creatures vanquished.

Vanquished Creatures (others)
  2 fungi (D:2)
  5 plants
7 creatures vanquished.

Grand Total: 49 creatures vanquished

Notes
Turn   | Place    | Note
-------+----------+-------------------------------------------
     0 | D:1      | Zeld the Hill Orc Fighter began the quest for the Orb.
     0 | D:1      | Reached XP level 1. HP: 19/19 MP: 1/1
   122 | D:1      | Reached XP level 2. HP: 22/27 MP: 2/2
   169 | D:1      | Found Ukite's Distillery.
   203 | D:1      | Reached skill level 1 in Invocations
   329 | D:1      | Found Mufyppigro's Weapon Shoppe.
   357 | D:1      | Found Keuleira's Jewellery Shoppe.
   518 | D:1      | Found a faded altar of an unknown god.
   586 | D:1      | Reached XP level 3. HP: 28/33 MP: 3/3
   769 | D:1      | Reached skill level 1 in Evocations
   789 | D:1      | Reached skill level 4 in Fighting
  1555 | D:2      | Reached skill level 1 in Dodging
  1771 | D:2      | Reached XP level 4. HP: 4/40 MP: 5/5
  3009 | D:2      | Found a runed translucent door.
  3010 | D:2      | Noticed Crazy Yiuf
  3771 | D:2      | Killed Crazy Yiuf
  4098 | D:1      | Bought a potion of curing for 42 gold pieces
  4182 | D:3      | Identified a scroll of acquirement
  4182 | D:3      | Acquired 880 gold pieces
  4199 | D:3      | Quit the game

Illustrated notes

Levels and vault maps discovered:
D:1:      amcnicky_arrival_feature_with_door, layout_basic, serial_forest,
          infiniplex_forest_clump_small, infiniplex_forest_end_3,
          infiniplex_forest_diagonal, infiniplex_forest_clump_small,
          infiniplex_forest_join, infiniplex_forest_lined_ring, serial_shops,
          nicolae_shop_waterfront, shop, shop, ebering_ecumenical_altar_ruins,
          chequers_arboretum, chequers_jeans, minmay_tree_intersection,
          fountainhead
D:2:      kennysheep_six_static_rooms, layout_loops_ring, serial_forest,
          infiniplex_forest_lined_2, infiniplex_forest_lined_corner,
          infiniplex_forest_lined_room_, infiniplex_forest_fountain,
          infiniplex_forest_straight_4, infiniplex_forest_end_2,
          infiniplex_forest_join, infiniplex_forest_clump_small,
          infiniplex_forest_clump_curved, uniq_crazy_yiuf_cottage
D:3:      layout_basic, elyvilon_altar_3, uniq_natasha

Skill      XL: |  1  2  3  4 |
---------------+-------------+-----
Axes           | 3 |  3.7
Invocations    | 1 2 |  2.2
Evocations     | 1 |  1.6
Fighting       | 4 |  4.3
Dodging        | 1 |  1.3
Armour         | |  3.2
Shields        | |  3.2

Action                   |  1- 3 |  4- 6 || total
-------------------------+-------+-------++-------
Melee: War axe           |    89 |    37 ||   126
  Use: Scroll            |       |     5 ||     5
       Potion            |       |     2 ||     2
Armor: Scale mail        |    46 |    23 ||    69
Dodge: Dodged            |    24 |    14 ||    38
Block: Kite shield       |    52 |    22 ||    74

Table legend: (Time is in decaauts)
 A = Elapsed time spent in this place.
 B = Non-inter-level travel time spent in this place.
 C = Inter-level travel time spent in this place.
 D = Time resting spent in this place.
 E = Time spent auto-exploring this place.
 F = Levels seen in this place.
 G = Mean time per level.
                   A        B        C        D        E       F      G
               +--------+--------+--------+--------+--------+-----+--------+
         Total |   4277 |   3932 |    345 |   1141 |   2297 |   3 | 1425.7 |
       Dungeon |   4277 |   3932 |    345 |   1141 |   2297 |   3 | 1425.7 |
               +--------+--------+--------+--------+--------+-----+--------+

Top non-repeatable levels by time:
     D:2: 2257 daAuts
     D:1: 1993 daAuts
     D:3: 26 daAuts
